 Dungeon Crawl Stone Soup version 0.18-a0-1120-g03bd624 (webtiles) character file.

86 gorblad the Ducker (level 4, 0/35 HPs)
             Began as a Human Fighter on Jan 17, 2016.
             Slain by Natasha (4 damage)
             ... on level 2 of the Dungeon.
             The game lasted 00:03:35 (1475 turns).

gorblad the Ducker (Human Fighter)                  Turns: 1475, Time: 00:03:35

Health: 0/35       AC:  6    Str: 17    XL:     4   Next: 77%
Magic:  4/4        EV: 10    Int:  9    God:
Gold:   38         SH:  9    Dex: 12    Spells: 0 memorised, 3 levels left

rFire  . . .     SeeInvis .     a - +2 long sword
rCold  . . .     Gourm    .     k - +0 ring mail
rNeg   . . .     Faith    .     c - +0 shield
rPois  .         Spirit   .     e - +0 helmet
rElec  .         Dismiss  .     (no cloak)
rCorr  .         Reflect  .     (no gloves)
SustAt .         Harm     .     (no boots)
MR     .....                    (no amulet)
Stlth  +.........               (no ring)
                                (no ring)

@: flying, not resistant to hostile enchantments, very unstealthy
A: no striking features
a: no special abilities


You were on level 2 of the Dungeon.
You were not hungry.

You visited 1 branch of the dungeon, and saw 2 of its levels.

You collected 38 gold pieces.

Inventory:

Hand Weapons
 a - a +2 long sword (weapon)
Armour
 b - a +0 scale mail
 c - a +0 shield (worn)
 e - a +0 helmet (worn)
 k - a +0 ring mail (worn)
 n - a cursed +0 ring mail
Potions
 d - a potion of might
 l - a potion of curing {unknown}
 o - a potion of cure mutation
Comestibles
 f - a bread ration
 h - 6 chunks of flesh
 j - a meat ration


   Skills:
 - Level 3.0 Fighting
 - Level 2.0 Long Blades
 - Level 3.0 Armour
 + Level 4.0 Dodging
 - Level 3.0 Shields


You had 3 spell levels left.
You didn't know any spells.

Dungeon Overview and Level Annotations

Branches:
Dungeon (2/15)

Altars:
Gozag
Pakellas

Annotations:
D:2 Natasha


Message History

You miss Natasha.
The giant newt bites you but does no damage.
Natasha claws you. The giant newt barely misses you.
You hit Natasha.
Natasha is heavily wounded.
Natasha mumbles some strange words.
You feel troubled. Natasha claws you.
* * * LOW HITPOINT WARNING * * *
The giant newt bites you.
* * * LOW HITPOINT WARNING * * *
Drink which item? (? for menu, Esc to quit)
It was a potion of cure mutation.
It has a very clean taste.
Natasha claws you.
* * * LOW HITPOINT WARNING * * *
The giant newt closely misses you.
The crimson imp blinks!
Drink which item? (? for menu, Esc to quit)
It was a potion of flight.
You feel very buoyant.
You fly up into the air.
Natasha claws you.
You die...

###...................#
<......##############.#
###.##..........##....###########
###.###.#####.#.##...............
.##.# #.# #.#......########.###
..#.###.#####.#...#.##......<..#
............#.......##.######..#
.##.##..###.#...l..5...# #..#
....##..# #.#...@...#### #..#
.##.##..###.####
.#......รท........#...# #..#
.#..#######.####.#<### ..#
.#..##.............#
.#..##.####.#....### .#..##.#
#..#.##.# .#..##.# #..#.## #


You could see Natasha, a crimson imp and a giant newt.

Vanquished Creatures
  Natasha (D:2)
  3 worms (D:2)
  A giant gecko (D:2)
  A ball python (D:2)
  5 bats
  6 giant cockroaches
  6 hobgoblins
  2 jackals (D:2)
  2 quokkas (D:2)
  2 giant newts (D:1)
  6 goblins
  4 kobolds (D:1)
  9 rats
48 creatures vanquished.

Notes
Turn   | Place    | Note
--------------------------------------------------------------
     0 | D:1      | gorblad the Human Fighter began the quest for the Orb.
     0 | D:1      | Reached XP level 1. HP: 18/18 MP: 1/1
    86 | D:1      | Reached skill level 1 in Dodging
   131 | D:1      | Reached XP level 2. HP: 24/24 MP: 2/2
   315 | D:1      | Reached XP level 3. HP: 29/29 MP: 3/3
  1032 | D:2      | Found an opulent altar of Gozag.
  1241 | D:2      | Found an oddly glowing altar of Pakellas.
  1268 | D:2      | Reached XP level 4. HP: 32/35 MP: 4/4
  1304 | D:2      | Noticed Natasha
  1310 | D:2      | Killed Natasha
  1425 | D:2      | Reached skill level 4 in Dodging
  1463 | D:2      | Noticed Natasha
  1475 | D:2      | Slain by Natasha

Vault maps used:
D:1:      saegor_arrival_simple_e, minmay_statues_item, st_stairs_1, hex_medium
D:2:      old_standard_altar, lemuel_doored_altar, minmay_tree_intersection,
          uniq_natasha

Action                   |  1- 3 |  4- 6 || total
-------------------------+-------+-------++-------
Melee: Long sword        |   131 |    38 ||   169
  Use: Scroll            |     3 |     4 ||     7
       Potion            |       |     2 ||     2
  Eat: Chunk             |     1 |     1 ||     2
